[Event "GER-chT States Women 2022"]
[Site "Braunfels"]
[Date "2022.06.19"]
[Round "5.1"]
[White "Steinbacher, Claudia"]
[Black "Cosma, Elena-Luminita"]
[Result "1/2-1/2"]
[ECO "D40"]
[WhiteElo "2020"]
[BlackElo "2277"]
[Annotator "TA"]
[PlyCount "58"]
[EventDate "2022.06.15"]
[EventType "swiss"]
[EventCountry "GER"]
[SourceTitle "playchess.com"]
[Source "ChessBase"]
[SourceQuality "1"]
[TimeControl "40/5400+30:1800+30"]

1. d4 d5 2. c4 e6 3. Nf3 Nf6 4. Nc3 c5 5. Bg5 cxd4 6. Nxd4 Be7 7. e3 {[%emt 0:05:15] 7.cxd5 is more advanced technology.} O-O 8. Be2 {[%emt 0:04:20] D50: Queen's Gambit Declined: Dutch-Peruvian Gambit.} dxc4 9. Bxc4 Qa5 10. Bh4 e5 (10... Bd7 $11) 11. Nde2 {[%emt 0:08:35] [#]} ({White should play} 11. Bxf6 $16 Bxf6 12. Ndb5) 11... Qb4 $146 ({Predecessor:} 11... Nc6 12. O-O Qb4 13. Qb3 Qxb3 14. Bxb3 Na5 15. Bxf6 Bxf6 16. Bd5 Rb8 17. Ne4 Be7 {½-½ (43) Amesz,J-Van Dongen,C Leiden 1997}) 12. Qb3 Nc6 13. Qxb4 Bxb4 14. a3 Be7 15. O-O Nd7 (15... Be6 $11 {keeps the balance.} 16. Bxe6 fxe6) 16. Bg3 {[%emt 0:01:42] White is more active.} (16. Bxe7 $16 Nxe7 17. Ne4) 16... Nb6 $11 17. Ba2 Rd8 18. Rad1 Rxd1 19. Rxd1 Kf8 20. Nd5 Nxd5 21. Bxd5 ({Stronger than} 21. Rxd5 Be6 22. Kf1 Bxd5 23. Bxd5 Rd8 $17) 21... f6 22. Nc3 Bd7 23. f4 exf4 24. exf4 Bc5+ 25. Bf2 Bxf2+ 26. Kxf2 Be8 27. Bf3 Rd8 {[%emt 0:01:28] The position is equal.} 28. Rxd8 Nxd8 29. Ke3 Ke7 {[%emt 0:01:05] Weighted Error Value: White=0.14 (very precise) /Black=0.13 (very precise)} 1/2-1/2

[Event "GER-chT States Women 2022"]
[Site "Braunfels"]
[Date "2022.06.19"]
[Round "5.2"]
[White "Voicu-Jagodzinsky, Carmen"]
[Black "Peglau, Dora"]
[Result "1/2-1/2"]
[ECO "B12"]
[WhiteElo "2291"]
[BlackElo "2008"]
[Annotator "TA"]
[PlyCount "79"]
[EventDate "2022.06.15"]
[EventType "swiss"]
[EventCountry "GER"]
[SourceTitle "playchess.com"]
[Source "ChessBase"]
[SourceQuality "1"]
[TimeControl "40/5400+30:1800+30"]

1. e4 c6 2. d4 d5 3. e5 Bf5 4. Nd2 e6 5. Nb3 Nd7 6. Nf3 Ne7 {[%emt 0:06:58] B12: Caro-Kann: Advance Variation.} 7. Be2 Bg6 8. O-O Nf5 {[%emt 0:01:52] White has an edge.} 9. a4 a6 10. Bd2 c5 $1 {[%emt 0:04:00] [#]} 11. c3 $146 ({Predecessor:} 11. c4 dxc4 12. Bxc4 cxd4 13. Re1 Be7 14. a5 O-O 15. Bd3 Nc5 16. Nxc5 Bxc5 17. b4 {0-1 (71) Can,M (2105)-Torres Hernandez,L (1884) Chess.com INT 2021}) 11... c4 12. Nc1 b5 13. g4 Ne7 14. axb5 axb5 15. Rxa8 Qxa8 16. Nh4 Nc6 17. Nxg6 hxg6 18. f4 Qd8 (18... Qa1 {is more complex.} 19. Qc2 b4 20. f5 exf5 21. gxf5 bxc3 22. bxc3 Nxd4 23. cxd4 Qxd4+ 24. Kh1 Qxe5 25. Bf4 Qxf5 26. Qxf5 gxf5 27. Bf3 Nf6) 19. Be1 Be7 20. Bf3 Nb6 21. Bg2 b4 22. Ne2 b3 23. Ng3 Qc8 24. f5 gxf5 25. gxf5 {[%emt 0:00:05] aiming for Nh5.} Kd7 (25... g6 $142) 26. Qg4 (26. Nh5 $1 $16) 26... Qg8 (26... g6 $1 $14) 27. fxe6+ $16 fxe6 28. Nh5 {[%emt 0:00:33] Black must now prevent Nf4.} Qh7 {[%emt 0:02:09] [#]} 29. Qxe6+ $1 Kc7 30. Bxd5 {[%emt 0:03:46] White is more active.} (30. Rf5 $16 g6 31. Rf6 $1 (31. Rf7 Qxh5 32. Rxe7+ Nxe7 $11) 31... Bxf6 32. Nxf6 Qxh2+ 33. Kf1 Qf4+ 34. Ke2) 30... Nxd5 $11 31. Qxd5 (31. Rf7 $2 Qe4 32. Ng3 Qxe1+ $19) 31... Qxh5 32. Bg3 {[%emt 0:00:18] Hoping for e6+.} Qe2 (32... Qg5 $11 {keeps the balance.}) 33. e6+ $16 {[%emt 0:01:08][%mdl 1024] White has strong compensation.} Kb6 {[%emt 0:00:05] And now ...Rd8 would win.} 34. Rf5 (34. Qd7 $1 $16 {[%cal Rd7c7] White threatens Qc7+ and mate.} Qe3+ 35. Bf2 (35. Rf2 Bd8 $16) 35... Qxf2+ 36. Kxf2 (36. Rxf2 Rd8 $16)) 34... Qe3+ $2 (34... Qd1+ $11 35. Rf1 Qg4) 35. Bf2 $1 $18 Qc1+ 36. Kg2 Qc2 (36... Qxb2 $2 37. Qb5+ Kc7 38. d5 $18) 37. Qb5+ $1 Kc7 {[%emt 0:00:00] [#]} 38. Qd5 {[%emt 0:00:30] Against Qe4+. Dancing on a razor blade.} (38. d5 $1 $18 {Threatening mate with d6+.} Qe4+ 39. Rf3 Qg6+ 40. Rg3 (40. Bg3+ Ne5 $16) 40... Qe4+ 41. Rf3 Qg6+ 42. Bg3+ Ne5 43. Qd7+ Kb8 44. Qxe7 Qc2+ 45. Bf2 Qg6+ 46. Bg3 Qc2+ 47. Bf2 Qg6+ 48. Rg3 (48. Bg3 Qc2+ $16) 48... Qe4+ 49. Kf1 Qh1+ 50. Ke2 Qxd5 51. Qxg7) 38... Kb6 $2 (38... Qxb2 $2 39. Qd7+ Kb6 40. d5+ Qxf2+ 41. Rxf2 $18) (38... Rd8 $17 {and life is bright.} 39. Qb5 Rd6) 39. Qb5+ Kc7 {[%emt 0:00:09] [#]} 40. Qd5 $2 {[%emt 0:00:03] Weighted Error Value: White=0.23 (precise) /Black=0.35} ({White must play} 40. d5 $1 $18 Qe4+ 41. Rf3 Qg6+ 42. Bg3+ Ne5 43. Qd7+ Kb8 44. Qxe7 Qc2+ 45. Bf2 Qg6+ 46. Rg3 (46. Bg3 Qc2+ 47. Bf2 Qg6+ 48. Rg3 Qe4+ 49. Kf1 Qh1+ 50. Ke2 Qe4+ 51. Re3 Qc2+ 52. Kf1 Qd1+ 53. Be1 Qxd5 $18) 46... Qe4+ 47. Kf1 Qh1+ 48. Ke2 Qxd5 49. Qxg7) 1/2-1/2

[Event "GER-chT States Women 2022"]
[Site "Braunfels"]
[Date "2022.06.19"]
[Round "5.3"]
[White "Peglau, Mirjam"]
[Black "Agrest, Inna"]
[Result "1/2-1/2"]
[ECO "E81"]
[WhiteElo "1834"]
[BlackElo "2265"]
[Annotator "TA"]
[PlyCount "75"]
[EventDate "2022.06.15"]
[EventType "swiss"]
[EventCountry "GER"]
[SourceTitle "playchess.com"]
[Source "ChessBase"]
[SourceQuality "1"]
[TimeControl "40/5400+30:1800+30"]

1. d4 Nf6 2. c4 g6 3. f3 Bg7 4. e4 d6 5. Nc3 O-O 6. Be3 a6 7. Bd3 Nbd7 8. Nge2 c5 9. Qd2 {[%emt 0:00:50] was the old line (9.0-0).} Re8 {[%emt 0:07:10] E81: King's Indian: Sämisch: 6th move deviations (including 6 Be3 c6).} 10. O-O cxd4 11. Nxd4 Ne5 {[%emt 0:01:51] White is slightly better.} 12. Rac1 {[%emt 0:01:00] [#] White is more active.} (12. Be2 $16) 12... Bd7 $146 (12... e6 $11 {keeps the balance.}) ({Predecessor:} 12... Nxd3 13. Qxd3 Nd7 14. Qd2 Ne5 15. b3 Bd7 16. Rfd1 Rb8 17. a4 Nc6 18. Nce2 Na5 19. Qe1 e5 20. Bd2 Nxb3 21. Nxb3 Qb6+ 22. Nbd4 Bxa4 23. Rb1 Qa7 24. Rdc1 exd4 {½-½ (60) Jarmula,P (1549)-Zajkowska,O (1887) Warsaw 2008}) 13. Rfd1 Rc8 14. b3 e6 15. Bf1 Qe7 16. Bg5 Qf8 17. Nde2 Rc6 {[%emt 0:18:58] [#]} (17... Nh5 $16) 18. f4 $1 $18 Neg4 19. h3 h6 20. Bh4 (20. hxg4 hxg5 21. g3 gxf4 $15) 20... g5 21. fxg5 (21. hxg4 gxh4 22. Nd4 Rcc8 $11) 21... hxg5 22. Bxg5 ({Don't play} 22. Qxg5 $6 Rc5 23. Qf4 Bh6 $14) 22... Ne5 23. Nd4 Rc5 24. Qf2 (24. Be2 $18) 24... Nh7 (24... Neg4 $16 {might work better.} 25. Qd2 (25. hxg4 Rxg5 26. Be2 Nxg4 $17) 25... Nh7) 25. Be3 Ng6 26. Nf3 ({Don't take} 26. Nf5 $6 exf5 27. Bxc5 dxc5 $16) 26... Rc6 27. Bd3 e5 28. Ng5 Nxg5 29. Bxg5 Be6 30. Nd5 Bxd5 (30... Rcc8 $142 31. Be2 Bxd5) 31. cxd5 (31. exd5 $142 Rc5 32. b4) 31... Rxc1 32. Rxc1 Rc8 33. Qd2 Rxc1+ 34. Qxc1 Qb8 (34... Nf4 $142) 35. Be2 Nf4 36. Bg4 Qa7+ 37. Kh1 Qf2 {[%emt 0:00:41][%csl Gf4][%cal Rf2g2] [#]} 38. Bxf4 $2 {[%emt 0:05:33] Weighted Error Value: White=0.26 (precise) /Black=0.34} ({White should try} 38. Qc8+ $18 Bf8 39. Bf3) 1/2-1/2

[Event "GER-chT States Women 2022"]
[Site "Braunfels"]
[Date "2022.06.19"]
[Round "5.4"]
[White "Ciolacu, Alessia-Mihaela"]
[Black "Daemering, Katrin"]
[Result "1-0"]
[ECO "E73"]
[WhiteElo "2198"]
[BlackElo "1966"]
[Annotator "TA"]
[PlyCount "91"]
[EventDate "2022.06.15"]
[EventType "swiss"]
[EventCountry "GER"]
[SourceTitle "playchess.com"]
[Source "ChessBase"]
[SourceQuality "1"]
[TimeControl "40/5400+30:1800+30"]

1. d4 Nf6 2. c4 g6 3. Nc3 Bg7 4. e4 d6 5. Be2 Nc6 6. d5 Nb8 {[%emt 0:02:15] E73: King's Indian: Averbakh Variation without 6...c5.} 7. h4 h5 {[%emt 0:01:08] [#]} 8. Bg5 $146 ({Predecessor:} 8. Nh3 Nbd7 9. Be3 c5 10. f4 Nb6 11. Nf2 Bd7 12. a4 a5 13. Qd3 Qc8 14. e5 {1-0 (59) Bratic,I (2177)-Ibrahimovic,I (2061) Tuzla 2010}) 8... Nbd7 {[%emt 0:04:48] White is slightly better.} 9. Nf3 c6 10. O-O Ng4 11. Qc2 O-O 12. Rad1 c5 13. Ne1 Nde5 14. Qd2 f6 15. Bf4 Nf7 16. Nd3 a6 17. f3 Ngh6 18. Be3 Kh8 (18... Kh7 $16 {was called for.}) 19. Nf4 $18 Ne5 20. b4 b6 21. Ne6 Bxe6 22. dxe6 Nc6 $2 (22... Kh7 23. f4 Neg4) 23. Nd5 ({Don't do} 23. bxc5 bxc5 24. Bxh6 Qc8 $18) (23. Bxh6 $142 Nxb4 24. Nd5) 23... Nxb4 $2 (23... Ng8 {might work better.} 24. Rb1 Rb8 25. bxc5 bxc5) 24. Nxb4 cxb4 25. Qxb4 $2 (25. Bxh6 $18 {has better winning chances.} Qc8 26. Be3) 25... Qc8 26. Qxb6 {[%emt 0:09:25] White is much more active.} Qxe6 27. Rb1 (27. c5 $16) 27... f5 $11 28. Bd3 Qf6 (28... fxe4 {looks sharper.} 29. Bxe4 Rab8 30. Qxa6 Rxb1 31. Rxb1 Ng4) 29. Bf2 $36 {[%emt 0:03:17][%mdl 2048] White fights for an advantage.} f4 30. e5 Qxe5 31. Rfe1 Qf6 32. Be4 Rad8 33. Qxa6 Nf5 34. Qb5 (34. Bxf5 $5 gxf5 35. c5 $14) 34... Rb8 $2 (34... e5 $11) 35. Qa5 $2 (35. Qxb8 $18 Rxb8 36. Rxb8+ Kh7 37. Bxf5 gxf5 38. Rb7) 35... Rxb1 36. Bxb1 e5 37. Bxf5 gxf5 38. Qc7 (38. a4 $16) 38... Rf7 {[%emt 0:00:44] [#]} (38... Rg8 $11 {keeps the balance.}) 39. Qc6 $1 $16 Bf8 (39... Qg6 $142) 40. Rb1 (40. a4 $142) 40... Rg7 {[%emt 0:00:58] And now ...Qg6 would win.} 41. Qe8 {[%emt 0:03:52] aiming for a4.} Rf7 $2 (41... Kg8 $16) 42. a4 $18 {[%emt 0:02:27][%cal Ba2a4,Ba4a5][%mdl 32] Hoping for a5.} Qg6 $2 (42... Qg7 43. a5 e4) 43. a5 {[%emt 0:02:53] White is clearly winning.} e4 44. Kf1 {[%emt 0:03:02] [#] Rb7 is the strong threat.} e3 45. Be1 {[%emt 0:01:41] Strongly threatening a6.} d5 46. Ke2 $4 {[%emt 0:04:33][%mdl 40960] Weighted Error Value: White=0.42/Black=0.56. Sensor Board Error (Ke4/e5)?} (46. Rb6 $18 Qg7 47. cxd5) 1-0

[Event "GER-chT States Women 2022"]
[Site "Braunfels"]
[Date "2022.06.19"]
[Round "5.5"]
[White "Just, Anita"]
[Black "Kuckling, Hannah"]
[Result "1-0"]
[ECO "B47"]
[WhiteElo "1895"]
[BlackElo "2070"]
[Annotator "TA"]
[PlyCount "67"]
[EventDate "2022.06.15"]
[EventType "swiss"]
[EventCountry "GER"]
[SourceTitle "playchess.com"]
[Source "ChessBase"]
[SourceQuality "1"]
[TimeControl "40/5400+30:1800+30"]

1. e4 c5 2. Nf3 e6 3. d4 cxd4 4. Nxd4 Nc6 5. Nc3 Qc7 6. Nxc6 {[%emt 0:01:03] B47: Sicilian: Taimanov: 5 Nc3 Qc7 6 f4, 6 g3 and 6 Be2.} Qxc6 (6... bxc6 $11 7. Be3 Rb8) 7. Bd3 {[%emt 0:00:11] White is more active.} a6 8. Qe2 {[%emt 0:00:20] White is slightly better.} Bb4 9. Bd2 Nf6 (9... Bc5 $14) 10. O-O {[%emt 0:01:45] [#]} (10. e5 $16 Nd5 11. O-O) 10... Be7 $146 (10... b6 $14) ({Predecessor:} 10... d6 11. a3 Bc5 12. Kh1 O-O 13. f4 Qc7 14. Qf3 Bd7 15. Rae1 Bc6 16. Qh3 Bd4 {1-0 (62) Kalkhof,S (1878)-Pfefferkorn,K Germany 2019}) 11. e5 $18 Nd5 12. Qg4 g5 {[%emt 0:11:29] [#]} (12... Kf8 $16 13. Nxd5 Qxd5) 13. Ne4 $1 ({Inferior is} 13. Bxg5 Rg8 14. Nxd5 exd5 $17) 13... h5 14. Qf3 g4 15. Qe2 {[%emt 0:01:06] aiming for c4.} Qc7 (15... b5 $16 {was necessary.}) 16. c4 Nb4 17. c5 Nc6 (17... Nxd3 18. Qxd3 b5 19. Nd6+ Kf8) 18. Nd6+ Bxd6 19. cxd6 Qd8 20. a4 {[%emt 0:08:22] Against b5} b6 21. Be4 Bb7 22. Qe3 h4 (22... a5 $142 23. f4 Ba6) 23. f4 Rb8 24. f5 Na5 25. fxe6 dxe6 26. Qf4 Rf8 {[%emt 0:02:11] [#]} 27. Bg6 $3 Qd7 (27... Kd7 28. Bxf7) 28. Qf6 (28. Qxg4 $142 Bf3 29. Rxf3 Kd8 30. Qxh4+ Kc8 31. Rc1+ Nc4 32. Rxc4+ Kb7 33. Qe7) 28... Bxg2 29. Kxg2 Qc6+ 30. Kg1 {[%emt 0:00:22][%csl Gd6][%cal Rf6e7] White mates.} Qc5+ 31. Rf2 Rb7 32. Qxe6+ Kd8 33. Bg5+ f6 34. Bxf6+ {[%emt 0:00:23] Weighted Error Value: White=0.22 (precise) /Black=0.97} 1-0

[Event "GER-chT States Women 2022"]
[Site "Braunfels"]
[Date "2022.06.19"]
[Round "5.6"]
[White "Hess, Olena"]
[Black "Lowke, Kathrin"]
[Result "1-0"]
[ECO "E91"]
[WhiteElo "2055"]
[BlackElo "1850"]
[Annotator "TA"]
[PlyCount "79"]
[EventDate "2022.06.15"]
[EventType "swiss"]
[EventCountry "GER"]
[SourceTitle "playchess.com"]
[Source "ChessBase"]
[SourceQuality "1"]
[TimeControl "40/5400+30:1800+30"]

1. Nf3 Nf6 2. c4 g6 3. Nc3 Bg7 4. e4 d6 5. d4 O-O 6. Be2 Nc6 7. d5 Nb8 8. O-O Nbd7 9. h3 {[%emt 0:19:34] E91: King's Indian: Classical: 6 Be2, unusual replies including 6...c5 and 6...Bg4.} c6 10. Be3 Qa5 11. a3 {[%emt 0:03:51] White is better.} cxd5 12. cxd5 a6 {[%emt 0:04:17] [#]} 13. b4 $146 ({Predecessor:} 13. Nd4 Qd8 14. Rc1 b5 15. Nc6 Qe8 16. b4 Bb7 17. Na5 Qb8 18. f4 Rc8 19. Bd4 {1-0 (37) Maugg,L (2136)-Wachweger,A (1850) Bad Woerishofen 2003}) 13... Qd8 14. Rc1 b5 (14... Nb6 $16 {was called for.}) 15. Nd4 $18 Bb7 16. a4 bxa4 17. Qxa4 Nb6 18. Qa5 {[%emt 0:05:50] [#] Black must now prevent Nc6. 0x0.0022fbacae4adp-1022s more active pieces. The black rooks are badly placed.} Nc8 {[%emt 0:08:24] A mistake that costs the game.} (18... Nxe4 $16 19. Nxe4 Nxd5) 19. f3 Nd7 (19... Qxa5 {was worth a try.} 20. bxa5 Na7) 20. Na4 Qxa5 21. bxa5 Nc5 22. Nxc5 dxc5 23. Rxc5 Nd6 24. Rc7 Rfe8 25. Rb1 Rac8 26. Rcxb7 Nxb7 27. Rxb7 Rc3 28. Kf2 Bf6 29. Nc6 Rc2 30. e5 Bg7 31. Rxe7 Rc8 32. Rb7 Kf8 33. f4 Bh6 34. Kf3 Rc3 35. Bxa6 g5 36. g3 gxf4 37. gxf4 Ra8 38. Rb8+ Rxb8 39. Nxb8 Ke8 40. Bb5+ {[%emt 0:00:45] Weighted Error Value: White=0.09 (flawless) /Black=0.51} 1-0

[Event "GER-chT States Women 2022"]
[Site "Braunfels"]
[Date "2022.06.19"]
[Round "5.7"]
[White "Kosovska, Olena"]
[Black "Cordes, Jule"]
[Result "1/2-1/2"]
[ECO "C05"]
[WhiteElo "1827"]
[BlackElo "1759"]
[Annotator "NA RC"]
[PlyCount "68"]
[EventDate "2022.06.15"]
[EventType "swiss"]
[EventCountry "GER"]
[SourceTitle "playchess.com"]
[Source "ChessBase"]
[SourceQuality "1"]
[TimeControl "40/5400+30:1800+30"]

1. e4 e6 2. d4 d5 3. Nd2 Nf6 4. e5 Nfd7 5. f4 c5 6. Ngf3 Nc6 7. c3 Qb6 8. Nb3 cxd4 9. Nbxd4 Nxd4 10. Nxd4 Bc5 11. Be2 O-O 12. O-O f6 13. exf6 Nxf6 14. Kh1 Bd7 15. a4 a5 16. Bf3 Rae8 17. Re1 Re7 18. Nb3 Bd6 19. Be3 Qc7 20. g3 Be8 21. Nd4 Bc5 22. Bg1 Bxd4 23. Bxd4 Bg6 24. b4 Rfe8 25. Kg1 Be4 26. Be2 Nd7 27. Qb3 b6 28. Bb5 Rc8 29. Rac1 Nb8 30. Be5 Qb7 31. c4 axb4 32. Bd6 Rf7 33. Qxb4 Nc6 34. Qd2 Rd7 1/2-1/2

[Event "GER-chT States Women 2022"]
[Site "Braunfels"]
[Date "2022.06.19"]
[Round "5.8"]
[White "Sereda, Yaroslava"]
[Black "Gottschall, Ina"]
[Result "1-0"]
[ECO "B06"]
[WhiteElo "1698"]
[BlackElo "1612"]
[Annotator "NA RC"]
[PlyCount "51"]
[EventDate "2022.06.15"]
[EventType "swiss"]
[EventCountry "GER"]
[SourceTitle "playchess.com"]
[Source "ChessBase"]
[SourceQuality "1"]
[TimeControl "40/5400+30:1800+30"]

1. e4 g6 2. d4 Bg7 3. Nc3 d6 4. Bc4 Nf6 5. f4 c5 6. dxc5 Qa5 7. e5 dxe5 8. fxe5 Ne4 9. Qd5 Nxc3 10. Qxf7+ Kd7 11. e6+ Kc6 12. Qxg7 Ne4+ 13. c3 Qxc5 14. Qxh8 Qf2+ 15. Kd1 Bxe6 16. Bxe6 Qf1+ 17. Kc2 Qf2+ 18. Kb1 Nd2+ 19. Bxd2 Qxd2 20. Qd4 Qe1+ 21. Kc2 Qxe6 22. Rd1 Qf5+ 23. Qd3 Qg5 24. Rd2 Na6 25. Nf3 Qc5 26. Qe4+ 1-0

[Event "GER-chT States Women 2022"]
[Site "Braunfels"]
[Date "2022.06.19"]
[Round "5.9"]
[White "Doluhanova, Evgeniya"]
[Black "Bluebaum, Johanna"]
[Result "1-0"]
[ECO "C00"]
[WhiteElo "2270"]
[BlackElo "2049"]
[Annotator "TA"]
[PlyCount "129"]
[EventDate "2022.06.15"]
[EventType "swiss"]
[EventCountry "GER"]
[SourceTitle "playchess.com"]
[Source "ChessBase"]
[SourceQuality "1"]
[TimeControl "40/5400+30:1800+30"]

1. e4 e6 2. d4 d5 3. Bd3 dxe4 4. Bxe4 Nf6 5. Bf3 Nbd7 6. Ne2 {[%emt 0:01:16] C01: French: Exchange Variation.} Bd6 {[%emt 0:03:42] 6...Bd6 is better than 6...e5.} 7. Nd2 e5 {[%emt 0:08:49] [#]} 8. Ng3 $146 {[%emt 0:13:49] The position is equal.} ({Predecessor:} 8. O-O O-O 9. c3 Re8 10. Ng3 exd4 11. cxd4 Nb6 12. Nde4 Nxe4 13. Nxe4 Bf8 14. Bg5 {½-½ (24) Janaszak,D (2334)-Harvey,M (2455) Chess.com INT 2022}) 8... O-O (8... exd4 $15 9. O-O O-O) 9. Nc4 $14 e4 10. Be2 ({Wrong is} 10. Nxe4 $2 Nxe4 11. Bxe4 Re8 $19) 10... Re8 11. Nxd6 cxd6 12. Bf4 Nf8 13. h4 (13. O-O $14) 13... Ne6 14. Be3 Qa5+ (14... Nd5 $11) 15. c3 Nd8 (15... d5 $11) 16. b4 (16. O-O $16) 16... Qc7 $11 17. c4 d5 18. c5 Be6 (18... h6 $11) 19. Bg5 Nd7 20. Qd2 $36 {[%emt 0:00:11][%mdl 2048] Black is under pressure.} f5 ({Better is} 20... Nf8 $14) 21. Bf4 $16 Qc8 22. Rc1 Nf6 23. Be5 (23. b5 $16) 23... Nd7 $1 $14 24. Bf4 {[%emt 0:05:44] White is much more active. The black rooks are badly placed.} ({White should play} 24. Bd6 $1 $14) 24... a6 (24... Nf6 $1 $11 {keeps the balance.}) 25. Rc3 $16 Nc6 26. a3 Nf6 27. Bd6 (27. Nh5 $16) 27... Qd7 28. Bd1 Qf7 29. Ne2 Ng4 30. Rg3 Qf6 31. Ba4 Rad8 (31... Bf7 $14) 32. Bxc6 bxc6 33. Qf4 {[%emt 0:00:35] Hoping for f3.} Bc8 {[%emt 0:02:38][%cal Oa6a5] [#]} 34. f3 $1 exf3 35. gxf3 Rxd6 $2 {[%emt 0:02:24] This costs Black the game.} 36. cxd6 $18 Qe6 {[%emt 0:00:44][%csl Ge8][%cal Re6e2] [#]} 37. O-O $1 Nf6 38. Rg2 {[%emt 0:02:13] And now Qg5 would win.} Qe3+ $2 (38... Nh5 39. Qg5 Qe3+ 40. Kh2 Qxg5 41. hxg5 Rd8) 39. Qxe3 Rxe3 40. Rc1 Bd7 41. Rc3 Re6 42. Nf4 {[%emt 0:00:00] Prevents Nh5.} Re1+ (42... Rxd6 $142 43. Re3 Kf8) 43. Kf2 {[%emt 0:00:00] White is clearly winning.} Rd1 (43... Re8 $142 44. Rg1 Kf8) 44. Rd3 Rh1 45. h5 {[%emt 0:00:00] Re3 is the strong threat.} Rh4 46. Kg3 Nxh5+ 47. Kxh4 Nxf4 48. Rdd2 Nxg2+ 49. Rxg2 {[%emt 0:00:00][%mdl 4096] Endgame Threatens to win with Re2. KR-KB} Kf7 50. Re2 {[%emt 0:00:00] White threatens Re7+ and mate.} Be6 51. a4 h6 52. f4 Kf6 53. Kg3 Kf7 54. Re1 Kf6 55. Kf3 Kf7 56. Rg1 Bd7 57. Ke3 Kf6 58. Rg2 Be8 59. Kd3 Bd7 60. Kc3 g5 61. Rh2 g4 62. Rxh6+ Kg7 63. Rh1 Be6 64. Kd2 Kf7 65. Rh7+ {[%emt 0:00:00] Weighted Error Value: White=0.27 (precise) /Black=0.44} 1-0

[Event "GER-chT States Women 2022"]
[Site "Braunfels"]
[Date "2022.06.19"]
[Round "5.10"]
[White "Barpiyeva, Gulsana"]
[Black "Jussupow, Nadia"]
[Result "1/2-1/2"]
[ECO "A40"]
[WhiteElo "2016"]
[BlackElo "2146"]
[Annotator "NA RC"]
[PlyCount "25"]
[EventDate "2022.06.15"]
[EventType "swiss"]
[EventCountry "GER"]
[SourceTitle "playchess.com"]
[Source "ChessBase"]
[SourceQuality "1"]
[TimeControl "40/5400+30:1800+30"]

1. d4 e6 2. c4 b6 3. Nf3 Bb7 4. g3 Bb4+ 5. Bd2 Qe7 6. Bg2 Nf6 7. a3 Bxd2+ 8. Nbxd2 O-O 9. O-O d6 10. Qc2 Nbd7 11. e4 e5 12. d5 Nh5 13. b4 1/2-1/2

[Event "GER-chT States Women 2022"]
[Site "Braunfels"]
[Date "2022.06.19"]
[Round "5.11"]
[White "Kostak, Tatiana"]
[Black "Buchholz, Maja"]
[Result "1-0"]
[ECO "C00"]
[WhiteElo "2102"]
[BlackElo "1945"]
[Annotator "NA RC"]
[PlyCount "59"]
[EventDate "2022.06.15"]
[EventType "swiss"]
[EventCountry "GER"]
[SourceTitle "playchess.com"]
[Source "ChessBase"]
[SourceQuality "1"]
[TimeControl "40/5400+30:1800+30"]

1. e4 e6 2. Nf3 d5 3. e5 c5 4. b4 cxb4 5. d4 Bd7 6. a3 Nc6 7. axb4 Bxb4+ 8. c3 Be7 9. Bd3 Rc8 10. h4 a6 11. Rh3 Na7 12. Ng5 f5 13. g4 Nh6 14. gxf5 Nxf5 15. Bxf5 exf5 16. e6 Bb5 17. Nf7 Qb6 18. Nxh8 Qxe6+ 19. Re3 Qg8 20. Ba3 Nc6 21. Qh5+ g6 22. Qg5 Rc7 23. Bxe7 Rxe7 24. Na3 Kd7 25. Nxb5 axb5 26. Rxe7+ Nxe7 27. Qf6 Qc8 28. Rc1 b4 29. Nf7 bxc3 30. Ne5+ 1-0

[Event "GER-chT States Women 2022"]
[Site "Braunfels"]
[Date "2022.06.19"]
[Round "5.13"]
[White "Gheng, Simona"]
[Black "Lukas, Anne"]
[Result "0-1"]
[ECO "B27"]
[WhiteElo "1944"]
[BlackElo "2040"]
[Annotator "TA"]
[PlyCount "68"]
[EventDate "2022.06.15"]
[EventType "swiss"]
[EventCountry "GER"]
[SourceTitle "playchess.com"]
[Source "ChessBase"]
[SourceQuality "1"]
[TimeControl "40/5400+30:1800+30"]

1. e4 c5 2. Nf3 g6 3. d4 cxd4 4. Nxd4 Bg7 5. Nc3 Nc6 6. Nxc6 bxc6 7. Bc4 d6 8. O-O {[%emt 0:03:34] B34: Sicilian: Accelerated Dragon with 5 Nc3: sidelines.} Nh6 9. h3 O-O {[%emt 0:06:49] [#]} 10. Qf3 $146 ({White should try} 10. Bf4 $14 Kh8 11. Qd2) ({Predecessor:} 10. Be3 Kh8 11. Bd4 Ng8 12. Bxg7+ Kxg7 13. f4 Rb8 14. Bb3 Ba6 15. Qd4+ Nf6 16. Rfe1 {1-0 (37) Capton,R (1737)-Henry,T (1979) Europe Echecs INT 2020}) 10... Kh8 $11 11. Rd1 (11. Re1 $11) 11... Qc7 (11... f5 $1 $15) 12. Bg5 f5 13. Qe3 Nf7 14. Bxf7 Rxf7 15. Bh6 Bxh6 16. Qxh6 f4 17. e5 d5 {[%emt 0:02:37] Against Ne4} 18. Re1 Be6 (18... e6 $15) 19. b3 ({Better is} 19. Ne2 $1 $14) 19... Raf8 $15 20. Rad1 Qc8 {[%emt 0:00:49] Black wants to play ...Rf5.} 21. Qh4 $2 {[%emt 0:06:14] [#]} (21. f3 $11 {and White stays safe.}) 21... g5 $1 $19 22. Qh6 ({Don't blunder} 22. Qxg5 $2 Rg7 23. Qh4 Bxh3 $19) (22. Qh5 $142) 22... f3 23. g3 (23. Rd3 $142) 23... Rg7 24. Rd3 (24. Qh5 $142 Bxh3 25. Rd4) 24... Rg6 $2 (24... Bxh3 $19 {is more deadly. Threatens to win with ...Rg6.} 25. Ree3 Rg6) 25. Qh5 $17 g4 (25... Bxh3 $142 26. Rxf3 Bf5) 26. hxg4 $2 (26. Na4 $17) 26... Bxg4 $19 27. Qh4 Qe6 {[%emt 0:00:09] Hoping for ...Rh6.} 28. Rd4 Rfg8 (28... Bh3 $142 {White must now prevent ...Rh6.} 29. Na4 Rh6) 29. Na4 Rh6 30. Nc5 Qg6 $36 {[%emt 0:06:35][%mdl 2048] Black has strong initiative.} 31. Rxg4 Rxh4 32. Rxg6 Rxg6 33. Re3 Rh5 {[%emt 0:00:11] ( -> ...Rgh6)} 34. e6 $2 {[%emt 0:01:54] [#]} (34. Rxf3 $19 Rxe5 35. Nd3) 34... d4 {[%emt 0:00:17] Weighted Error Value: White=0.81/Black=0.38} (34... Rgh6 $142 35. Rxf3 Rh1+ 36. Kg2 R6h2#) 0-1